 Dungeon Crawl Stone Soup version 0.18-a0-1293-g5a2c81a (webtiles) character file.

3010 Ratboiler the Basher (level 9, -7/64 HPs)
             Began as an Octopode Wanderer on Feb 10, 2016.
             Was a Priest of Trog.
             Killed from afar by an electric eel (13 damage)
             ... with a bolt of electricity
             ... on level 7 of the Dungeon.
             The game lasted 00:20:36 (6840 turns).

Ratboiler the Basher (Octopode Wanderer)            Turns: 6840, Time: 00:20:37

Health: -7/64      AC:  1    Str: 16    XL:     9   Next: 84%
Magic:  9/9        EV: 12    Int: 14    God:    Trog [***...]
Gold:   402        SH:  8    Dex: 10    Spells: 0 memorised, 8 levels left

rFire  + . .     SeeInvis .     a - +0 whip (elec)
rCold  . . .     Gourm    .     w - +0 buckler
rNeg   . . .     Faith    .     (helmet restricted)
rPois  .         Spirit   .     M - +3 amulet of reflection
rElec  .         Dismiss  .     i - ring of protection from fire
rCorr  .         Reflect  +     (no ring)
SustAt .         Harm     .     (no ring)
MR     .....                    (no ring)
Stlth  +++.......               (no ring)
                                (no ring)
                                (no ring)
                                (no ring)

@: not resistant to hostile enchantments, fairly stealthy
A: almost no armour, amphibious, 8 rings, constrict 8, camouflage 1, gelatinous
body 1
a: Berserk, Trog's Hand, Burn Spellbooks, Renounce Religion


You were on level 7 of the Dungeon.
You worshipped Trog.
Trog was most pleased with you.
You were not hungry.

You visited 1 branch of the dungeon, and saw 7 of its levels.
You also visited: Sewer and Ossuary.

You collected 402 gold pieces.

Inventory:

Hand Weapons
 a - a +0 whip of electrocution (weapon)
 b - a +0 shortbow
 g - a +0 spear
 s - a +0 great sword
 v - a +0 whip
 C - a +2 dagger
 L - a +0 whip of flaming
Missiles
 d - 38 arrows
 l - 163 stones (quivered)
 n - 13 poisoned needles
 u - 6 curare-tipped needles
 B - 14 poisoned arrows
 N - 7 javelins
 P - 17 arrows of dispersal
Armour
 w - a +0 buckler (worn)
Jewellery
 i - a ring of protection from fire (left tentacle)
 A - an uncursed amulet of regeneration
 G - an uncursed amulet of the gourmand
 M - a +3 amulet of reflection (around mantle)
Scrolls
 e - a scroll of teleportation
 h - 5 scrolls of remove curse
 j - 3 scrolls of fog
 k - 2 scrolls of noise {unknown}
 r - 3 scrolls of amnesia
 y - 3 scrolls of enchant armour
 F - a scroll of recharging {unknown}
 H - a scroll of magic mapping {unknown}
 I - 2 scrolls of immolation
 J - a scroll of identify
Potions
 c - 5 potions of haste
 m - 2 potions of cancellation
 o - 2 potions of curing {unknown}
 p - 3 potions of mutation {unknown}
 q - a potion of ambrosia
 t - a potion of magic {unknown}
 x - 3 potions of lignification {unknown}
 z - a potion of heal wounds {unknown}
 D - a potion of flight {unknown}
 E - a potion of berserk rage {unknown}
 K - a potion of beneficial mutation {unknown}
Comestibles
 f - 5 bread rations
 O - a chunk of flesh


   Skills:
 + Level 7.0 Fighting
 - Level 1.0 Long Blades
 * Level 9.3 Maces & Flails
 - Level 4.0 Bows
 - Level 2.0 Dodging
 - Level 1.3 Stealth
 - Level 6.2 Shields
   Level 1.1 Evocations


You had 8 spell levels left.
You didn't know any spells.

Dungeon Overview and Level Annotations

Branches:
Dungeon (7/15)
 Temple: D:4-7

Altars:
Ashenzari
Cheibriados
Dithmenos
Gozag
Kikubaaqudgha
Nemelex Xobeh
Pakellas
Qazlal
Trog
Xom
Yredelemnul
The Shining One

Shops:
D:5 [   D:6 =

Annotations:
D:3 Uberwunderbarhen's ghost, amateur OpTm


Innate Abilities, Weirdness & Mutations

You cannot wear most types of armour.
You are amphibious.
You can wear up to eight rings at the same time.
You can use your tentacles to constrict eight enemies at once.
Your skin changes colour to match your surroundings (Stealth).
Your rubbery body absorbs attacks (AC +1).


Message History

You hit the orc but do no damage. Your grab misses the orc. You hit the orc.
Your grab misses the orc.
The orc is heavily wounded.
The orc completely misses you.
The electric eel shoots out a bolt of lightning at you!
The bolt of electricity misses the orc.
The bolt of electricity hits you! The bolt of electricity misses you.
You are too injured to fight recklessly!
You whack the orc!
There is a sudden explosion of sparks!
You kill the orc!
Trog accepts your kill.
You hear a splash.
An electric eel is nearby!
The electric eel shoots out a bolt of lightning at you!
The bolt of electricity hits you! x2
The electric eel shoots out a bolt of lightning at you!
The bolt of electricity hits you!
* * * LOW HITPOINT WARNING * * *
The bolt of electricity hits you!
You die...

### #.############ ##
#.....=......##.#.
#.########...##... #.#
##♣.≈≈#.#. #.#
##≈P.≈≈P.#. #.#
#≈≈P.≈≈≈♣#. #.#
♣≈≈≈.≈≈≈♣#.
#@#####♣≈≈≈.≈P≈♣#.
#.....)≈≈≈≈.≈≈≈♣#.
+.....);≈≈≈.≈)†♣#.
#......♣≈P≈.≈♣P)#.
#.######≈≈≈.≈♣♣.#.
#.≈.........≈≈≈.≈♣♣.#.
...PP≈........♣;≈.≈♣♣>#.
..≈≈≈♣♣♣P....≈≈≈≈.≈P≈.#.
.≈≈≈≈ ♣≈..♣♣≈≈≈.≈≈♣♣..


You could see an electric eel.

Vanquished Creatures
  Pikel (D:7)
  A soldier ant (D:6)
  A slave (D:7)
  An orc warrior (D:7)
  Purgy (Sewer)
  A black bear (D:7)
  A necrophage (D:7)
  2 ogres
  A centaur (D:6)
  2 giant frogs (D:7)
  11 scorpions (Ossuary)
  3 wights (D:5)
  4 crimson imps
  4 centaur zombies (Ossuary)
  5 orc wizards
  An orc priest (D:7)
  5 hounds
  A jelly (D:6)
  A giant frog skeleton (D:7)
  3 worker ants
  A big kobold zombie (Ossuary)
  A hound zombie (D:5)
  A hound skeleton (D:5)
  3 mummies (Ossuary)
  4 gnolls (D:2)
  10 adders
  4 scorpion zombies (Ossuary)
  An ooze (D:1)
  3 worms (D:2)
  7 giant geckos
  28 orcs
  2 ball pythons
  5 giant cockroaches
  5 hobgoblins
  5 jackals
  4 quokkas
  5 bats
  9 giant newts
  A gnoll zombie (Ossuary)
  3 goblins
  A goblin zombie (Ossuary)
  3 hobgoblin zombies (Ossuary)
  9 kobolds
  4 kobold zombies (Ossuary)
  An orc zombie (Ossuary)
  9 rats
179 creatures vanquished.

Vanquished Creatures (others)
  An orc zombie (Ossuary)
  2 plants (D:7)
3 creatures vanquished.

Grand Total: 182 creatures vanquished

Notes
Turn   | Place    | Note
--------------------------------------------------------------
     0 | D:1      | Ratboiler the Octopode Wanderer began the quest for the Orb.
     0 | D:1      | Ratboiler set off with: a +2 dagger, a potion of haste, a +0 shortbow, 27 arrows, a scroll of teleportation, a bread ration
     0 | D:1      | Reached XP level 1. HP: 13/13 MP: 1/1
   417 | D:1      | Reached XP level 2. HP: 19/19 MP: 2/2
  1198 | D:2      | Reached XP level 3. HP: 22/25 MP: 3/3
  1710 | D:2      | Reached XP level 4. HP: 31/33 MP: 4/4
  2839 | D:3      | Reached XP level 5. HP: 23/38 MP: 5/5
  2995 | D:3      | Found a bloodstained altar of Trog.
  3002 | D:3      | Became a worshipper of Trog the Wrathful
  3025 | D:3      | Reached skill level 5 in Fighting
  3066 | D:3      | Found an oddly glowing altar of Pakellas.
  3330 | D:3      | Found an opulent altar of Gozag.
  3333 | D:3      | Found a shadowy altar of Dithmenos.
  3439 | D:3      | Found a sparkling altar of Nemelex Xobeh.
  3502 | D:3      | Noticed Uberwunderbarhen's ghost (amateur OpTm)
  3686 | D:4      | Reached skill level 1 in Shields
  3717 | D:4      | Found a glowing golden altar of the Shining One.
  3747 | D:4      | Found a shimmering altar of Xom.
  3824 | D:4      | Noticed an ogre
  3914 | D:4      | Reached skill level 1 in Maces & Flails
  4044 | D:5      | Entered Level 5 of the Dungeon
  4067 | D:5      | Found a shattered altar of Ashenzari.
  4097 | D:5      | Reached XP level 6. HP: 40/45 MP: 6/6
  4170 | D:5      | Reached * piety under Trog
  4234 | D:5      | Found a snail-covered altar of Cheibriados.
  4263 | D:5      | Found a sand-covered staircase.
  4267 | Ossuary  | Entered an ossuary
  4298 | Ossuary  | Reached XP level 7. HP: 18/50 MP: 7/7
  4522 | Ossuary  | Reached XP level 8. HP: 48/55 MP: 8/8
  4592 | Ossuary  | Reached skill level 5 in Maces & Flails
  4592 | Ossuary  | Reached skill level 5 in Shields
  4836 | D:5      | Found a stormy altar of Qazlal.
  4859 | D:5      | Found an ancient bone altar of Kikubaaqudgha.
  4944 | D:5      | Reached skill level 6 in Maces & Flails
  5020 | D:5      | Found a basalt altar of Yredelemnul.
  5094 | D:5      | Reached ** piety under Trog
  5202 | D:5      | Found Berimew's Armour Emporium.
  5498 | D:6      | Reached skill level 7 in Maces & Flails
  5498 | D:6      | Reached XP level 9. HP: 55/62 MP: 9/9
  5715 | D:6      | Found a glowing drain.
  5728 | Sewer    | Entered a sewer
  5771 | Sewer    | Noticed Purgy
  5789 | Sewer    | Killed Purgy
  6345 | D:6      | Found Yruloj Ixup's Jewellery Emporium.
  6409 | D:7      | Reached skill level 8 in Maces & Flails
  6464 | D:7      | Noticed Pikel
  6485 | D:7      | Reached *** piety under Trog
  6489 | D:7      | Killed Pikel
  6625 | D:7      | Reached skill level 9 in Maces & Flails
  6678 | D:7      | Received a gift from Trog
  6840 | D:7      | Killed from afar by an electric eel

Vault maps used:
D:1:      lightli_arrival_maybe_door_vault, due_unseen_surprise
D:3:      nemelex_deck, overflow_temple_1_default, grunt_pakellas_mercury,
          grunt_temple_overflow_open, due_unseen_surprise
D:4:      xom_teletrap_fun, lemuel_round_altar, first_bread
D:5:      kennysheep_mini_moat, overflow_temple_1_default,
          evilmike_ruin_ashenzari, lemuel_round_altar, lemuel_crystal_altar,
          lightli_ossuary_entry_decrepit_ruins, serial_shops, shop
D:6:      serial_shops, shop, portal_sewer_entry_d
D:7:      minmay_temple_entry_mist, serial_bayou, serial_bayou_lake_a,
          serial_bayou_shore_b, serial_bayou_pond_b, serial_bayou_lagoon_b,
          uniq_pikel
Sewer:    sewer_the_crocodile
Ossuary:  ossuary_minmay_scorpions

Action                   |  1- 3 |  4- 6 |  7- 9 || total
-------------------------+-------+-------+-------++-------
Melee: Dagger            |    61 |    71 |       ||   132
       Whip              |       |    47 |   277 ||   324
 Fire: Shortbow          |     6 |     6 |       ||    12
Throw: Stone             |     2 |     2 |     1 ||     5
Invok: Berserk           |       |       |     4 ||     4
       Burn Spellbooks   |       |       |     1 ||     1
  Use: Scroll            |       |     4 |     4 ||     8
 Stab: Sleeping          |     9 |       |    11 ||    20
       Distracted        |       |     2 |     1 ||     3
  Eat: Pizza             |     1 |       |     2 ||     3
       Meat ration       |     1 |       |     1 ||     2
       Bread ration      |       |     1 |       ||     1
       Chunk             |       |       |     3 ||     3
       Beef jerky        |       |       |     1 ||     1
       Fruit             |       |       |     3 ||     3
